 Dungeon Crawl Stone Soup version 0.23.0 (webtiles) character file.

Game seed: 11781576609198213764

2298 Enish the Fighter (level 9, 0/81 HPs)
             Began as a Minotaur Berserker on Feb 15, 2019.
             Was an Elder of Trog.
             Splashed by a brown ugly thing's acid (7 damage)
             ... on level 8 of the Dungeon.
             The game lasted 00:05:02 (7518 turns).

Enish the Fighter (Minotaur Berserker)              Turns: 7518, Time: 00:05:02

Health: 0/81       AC:  4    Str: 24    XL:     9   Next: 17%
Magic:  8/8        EV: 14    Int:  4    God:    Trog [****..]
Gold:   392        SH:  0    Dex: 11    Spells: 8/8 levels left

rFire    + . .     SeeInvis .   a - +0 hand axe
rCold    . . .     Gourm    .   (no shield)
rNeg     . . .     Faith    .   A - +0 ring mail {rF+}
rPois    .         Spirit   .   (helmet restricted)
rElec    .         Reflect  .   s - +0 cloak
rCorr    .         Harm     .   (no gloves)
MR       .....                  (no boots)
Stlth    +.........             (no amulet)
HPRegen  0.23/turn              (no ring)
MPRegen  0.11/turn              (no ring)

@: corroded
A: retaliatory headbutt, horns 2
a: Berserk, Trog's Hand, Brothers in Arms, Renounce Religion


You were on level 8 of the Dungeon.
You worshipped Trog.
Trog was greatly pleased with you.
You were not hungry.

You visited 1 branch of the dungeon, and saw 8 of its levels.

You collected 678 gold pieces.
You spent 286 gold pieces at shops.

Inventory:

Hand Weapons
 a - a +0 hand axe (weapon)
Armour
 b - a +0 animal skin
 s - a +0 cloak (worn)
   (You took it off Crazy Yiuf on level 4 of the Dungeon)
 A - a +0 ring mail of fire resistance (worn)
   (You bought it in a shop on level 7 of the Dungeon)
Scrolls
 c - a scroll of fear
 d - a scroll of enchant armour {unknown}
 g - 2 scrolls of immolation
 j - 3 scrolls of magic mapping
 r - 6 scrolls of identify
 t - 2 scrolls of teleportation
 w - 5 scrolls of remove curse
 z - a scroll of blinking
Potions
 n - a potion of resistance
 q - 3 potions of curing
 B - a potion of cancellation
Comestibles
 e - 3 rations


   Skills:
 + Level 8.2 Fighting
 + Level 8.2 Axes
 + Level 7.7 Armour
 + Level 7.0 Dodging


You had 8 spell levels left.
You didn't know any spells.
Your spell library was empty.

Dungeon Overview and Level Annotations

Branches:
Dungeon (8/15)             Temple (0/1) D:7
   Lair: D:8-11

Altars:
Vehumet

Shops:
D:5 =   D:7 *

Annotations:
D:4 exclusion: statue


Innate Abilities, Weirdness & Mutations

You reflexively headbutt those who attack you in melee.
You have a pair of horns on your head.


Message History

You furiously retaliate!
You headbutt the adder!
You kill the adder!
Trog accepts your kill. The orc priest barely misses you.
Your ring mail prevents you from hitting the orc priest.
You headbutt the orc priest, but do no damage.
The orc priest is moderately wounded.
You hit the brown ugly thing but do no damage.
The brown ugly thing headbutts you. The acid corrodes you!
You are splashed with acid.
You slash the orc priest! Your headbutt misses the orc priest.
The orc priest is severely wounded.
You barely miss the brown ugly thing.
The orc priest invokes the aid of Beogh against you.
Pain shoots through your body!
* * * LOW HITPOINT WARNING * * *
The brown ugly thing headbutts you!
* * * LOW HITPOINT WARNING * * *
The acid corrodes you!
You are splashed with acid!
You die...

#. # # .. ###### . #.
.# ##....< $.##?
##.########....##
#....##...........####
.......####.######
#.).###..# ##).....##
#u@(...##
......o.###.....
...####)# ###### . #.#
#.# ... ..# ##.


You could see a brown ugly thing and an orc priest.

Vanquished Creatures
  A hungry ghost (D:4)
  An ice beast (D:6)
  A necrophage (D:7)
  A sky beast (D:5)
  4 ogres
  A centaur (D:7)
  A phantom (D:6)
  A big kobold (D:7)
  3 bullfrogs
  2 scorpions (D:7)
  4 crimson imps
  2 howler monkeys
  2 hounds
  Crazy Yiuf (D:4)
  2 jellies (D:5)
  A centaur skeleton (D:6)
  3 orc priests
  4 orc wizards
  Terence (D:2)
  An iguana (D:7)
  6 worker ants
  A worker ant zombie (D:5)
  Robin (D:2)
  A howler monkey skeleton (D:4)
  9 adders
  A shadow imp (D:4)
  2 oozes
  An adder skeleton (D:4)
  2 dart slugs
  5 leopard geckos
  15 orcs
  A ball python (D:4)
  3 bats
  6 giant cockroaches
  6 hobgoblins (D:2)
  20 jackals
  12 kobolds
  4 quokkas
  5 frilled lizards
  13 goblins
  2 jackal skeletons (D:7)
  A quokka zombie (D:6)
  5 rats
159 creatures vanquished.

Notes
Turn   | Place    | Note
-------+----------+-------------------------------------------
     0 | D:1      | Enish the Minotaur Berserker began the quest for the Orb.
     0 | D:1      | Reached XP level 1. HP: 19/19 MP: 0/0
   242 | D:1      | Reached XP level 2. HP: 25/27 MP: 1/1
   786 | D:1      | Reached XP level 3. HP: 25/33 MP: 2/2
  1124 | D:2      | Reached XP level 4. HP: 12/41 MP: 3/3
  1389 | D:2      | Noticed Terence
  1408 | D:2      | Killed Terence
  1715 | D:2      | Reached ** piety under Trog
  1833 | D:2      | Noticed Robin
  1839 | D:2      | Reached XP level 5. HP: 22/47 MP: 4/4
  1843 | D:2      | Killed Robin
  2843 | D:3      | You fall through a shaft!
  2856 | D:4      | Reached skill level 5 in Fighting
  2856 | D:4      | Reached skill level 5 in Axes
  2907 | D:4      | Noticed an ogre
  2912 | D:4      | Killed an ogre
  2912 | D:4      | Reached XP level 6. HP: 26/56 MP: 5/5
  3209 | D:4      | Reached *** piety under Trog
  3300 | D:4      | Found a radiant altar of Vehumet.
  3680 | D:4      | Found a runed translucent door.
  3681 | D:4      | Noticed Crazy Yiuf
  3831 | D:4      | Reached skill level 5 in Armour
  3831 | D:4      | Reached XP level 7. HP: 60/62 MP: 6/6
  3921 | D:4      | Noticed a hungry ghost
  3932 | D:4      | Killed a hungry ghost
  4025 | D:4      | Received a gift from Trog
  4290 | D:4      | Killed Crazy Yiuf
  4290 | D:4      | Reached skill level 5 in Dodging
  4507 | D:5      | Entered Level 5 of the Dungeon
  4817 | D:5      | Found Wiklem's Jewellery Shop.
  4837 | D:5      | Reached XP level 8. HP: 32/71 MP: 7/7
  6565 | D:7      | Reached **** piety under Trog
  6628 | D:7      | Found Ythaiff's Assorted Antiques.
  6635 | D:7      | Bought a scroll labeled ZOEGRI DILLO SOE for 26 gold pieces
  6635 | D:7      | Bought a scroll labeled KUCEHENOLE for 26 gold pieces
  6635 | D:7      | Bought a scroll labeled ZIADWI TOAZXOCS for 26 gold pieces
  6635 | D:7      | Bought a scroll labeled EFRILI FU PATI for 26 gold pieces
  6635 | D:7      | Bought a glowing ring mail for 182 gold pieces
  6806 | D:7      | Found a staircase to the Ecumenical Temple.
  7075 | D:7      | Reached XP level 9. HP: 63/81 MP: 8/8
  7506 | D:8      | Noticed a brown ugly thing
  7518 | D:8      | Splashed by a brown ugly thing's acid

Skill      XL: |  1  2  3  4  5  6  7  8  9 |
---------------+----------------------------+-----
Axes           | 4 5 6 8 |  8.2
Fighting       | 4 5 6 8 |  8.2
Armour         | 3 4 5 6 7 |  7.7
Dodging        | 3 4 5 6 7 |  7.0

Action                   |  1- 3 |  4- 6 |  7- 9 || total
-------------------------+-------+-------+-------++-------
Melee: Hand axe          |    56 |   125 |   251 ||   432
       Headbutt          |       |    14 |    49 ||    63
Invok: Berserk           |     1 |     3 |     2 ||     6
       Trog's Hand       |       |       |     1 ||     1
  Use: Scroll            |       |       |     9 ||     9
       Potion            |       |       |     8 ||     8
 Stab: Sleeping          |     1 |       |     1 ||     2
  Eat: Chunk             |     1 |     7 |    15 ||    23
       Ration            |       |     2 |       ||     2
Armor: Animal skin       |     7 |    14 |    18 ||    39
       Ring mail         |       |       |    13 ||    13
Dodge: Dodged            |    46 |    88 |   173 ||   307
